 Dungeon Crawl Stone Soup version 0.31-a0-89-g637a80eef8 (webtiles) character file.

Game seed: 11289831176024351278

1023 Kenran the Skirmisher (level 8, -6/37 HPs)
             Began as a Spriggan Hunter on May 25, 2023.
             Was an Initiate of Okawaru.
             Mangled by Prince Ribbit (15 damage)
             ... on level 6 of the Dungeon.
             The game lasted 00:06:35 (4668 turns).

Kenran the Skirmisher (Spriggan Hunter)             Turns: 4668, Time: 00:06:36

Health: -6/37      AC:  3    Str:  7    XL:     8   Next: 2%
Magic:  9/9        EV: 18    Int: 10    God:    Okawaru [......]
Gold:   226        SH:  0    Dex: 21    Spells: 7/7 levels left

rFire   . . .        a - +1 shortbow
rCold   . . .        (shield currently unavailable)
rNeg    + . .        c - +0 robe
rPois   .            (helmet restricted)
rElec   .            g - +0 cloak
rCorr   .            (gloves unavailable)
SInv    +            (boots unavailable)
Will    +....        (no amulet)
Stlth   +++          d - ring of positive energy
HPRegen 0.26/turn    (no ring)
MPRegen 0.11/turn

%: no passive effects
@: very quick
A: very small, no large weapons, unfitting armour, see invisible, speed 3
a: Renounce Religion


You were on level 6 of the Dungeon.
You worshipped Okawaru.
Okawaru was noncommittal.
You visited 1 branch of the dungeon, and saw 6 of its levels.

You collected 226 gold pieces.

Inventory:

Hand Weapons
 a - a +1 shortbow (weapon)
Missiles
 u - 6 poisoned darts
Armour
 c - a +0 robe (worn)
 g - a +0 cloak (worn)
Jewellery
 d - a ring of positive energy (left hand)
 p - the ring "Moptepa" {rPois rCorr Str+3 SInv}
   (You took it off a goblin on level 3 of the Dungeon)

   [ring of see invisible]

   Str:       It affects your strength (+3).
   rPois:     It protects you from poison.
   SInv:      It lets you see invisible.
   rCorr:     It protects you from acid and corrosion.
Wands
 s - a wand of polymorph (11)
Scrolls
 b - a scroll of immolation {!r}
 e - 2 scrolls of fear
 f - 3 scrolls of enchant weapon
 h - a scroll of blinking
 k - a scroll of butterflies
 l - 2 scrolls of vulnerability {!r}
 m - a scroll of silence
 o - 2 scrolls of amnesia
 q - 2 scrolls of teleportation
 r - a scroll of poison {unknown}
Potions
 i - a potion of mutation {unknown}
 j - a potion of curing {@q1}
 n - 2 potions of magic {unknown}
 t - a potion of invisibility {unknown}
 v - a potion of attraction {unknown}


   Skills:
 - Level 1.5 Fighting
 * Level 9.7 Ranged Weapons
 - Level 2.6 Dodging
 - Level 5.0 Stealth


You had 7 spell levels left.
You didn't know any spells.
Your spell library contained the following spells:

 Spells                   Type           Power      Damage    Failure   Level
 Blink                    Tloc           0%         N/A       50%         2
 Cigotuvi's Dreadful Rot  Necr/Pois/Air  0%         N/A       50%         2
 Lesser Beckoning         Tloc           0%         N/A       50%         2
 Momentum Strike          Conj/Tloc      0%         3d8       50%         2
 Dispel Undead            Necr           0%         3d6       98%         4
 Orb of Destruction       Conj           0%         9d5       100%        7
 Summon Guardian Golem    Hex/Summ       Unusable   N/A       N/A         3
 Death Channel            Necr           Unusable   N/A       N/A         6
 Spellforged Servitor     Conj/Summ      Unusable   N/A       N/A         7

Dungeon Overview and Level Annotations

Branches:
Dungeon (6/15)
 Temple: D:4-7

Altars:
Ashenzari
Elyvilon
Makhleb
Okawaru
Uskayaw
Vehumet
Yredelemnul

Annotations:
D:4 exclusion: downstairs
D:5 1 runed translucent door
D:6 Prince Ribbit


Innate Abilities, Weirdness & Mutations

You are very small and have problems with some larger weapons.
You are too small for most types of armour.
You have supernaturally acute eyesight. (SInv)
You cover ground extremely quickly. (Speed+++)


Message History

The sleepcap is severely damaged.
The hound completely misses you.
You shoot an arrow. The arrow closely misses the hound.
The arrow hits the sleepcap.
The sleepcap is almost destroyed.
The hound bites you.
Prince Ribbit blinks!
The hound barely misses you.
Prince Ribbit blinks!
Prince Ribbit blinks!
There is a stone staircase leading up here.
You shoot an arrow. The arrow barely misses the hound.
You shoot an arrow. The arrow completely misses the hound.
The arrow hits the sleepcap!
You destroy the sleepcap!
Okawaru accepts your kill. The hound bites you but does no damage.
The hound closely misses you.
You shoot an arrow. The arrow closely misses the hound.
The hound bites you.
You are too injured to fight recklessly!
You are too injured to fight recklessly!
You are too injured to fight recklessly!
Fire: a) +1 shortbow
Press: ? - help, Q - select action, (/) - cycle Shift-Dir - straight line, f/p - hound
Aim: a hound (severely wounded, 58% to hit)
You shoot an arrow. The arrow hits the hound!
You kill the hound!
Okawaru accepts your kill.
You have reached level 8!
Prince Ribbit blinks!
You climb upwards.
Level annotation: 1 runed translucent door
There is a stone staircase leading down here.
You start resting.
HP restored.
You climb downwards.
Level annotation: Prince Ribbit Prince Ribbit misses you.
Prince Ribbit hits you!
There is a stone staircase leading up here.
Prince Ribbit hits you!
* * * LOW HITPOINT WARNING * * *
Prince Ribbit hits you!
You die...

#.......#########
F.........††.....
#.......#.#...#.#
#....§....# .#...
#.........# .. #
###########.###
.. .............#
.. ...###....###
#
#.###.###@.....#
........F......#
.###.....####.#
#............#
#.##.#####...# #
#>........#
#######...# #...#
#...#


You could see Prince Ribbit.

Vanquished Creatures
  Sigmund (D:3)
  A water moccasin (D:5)
  A black bear (D:5)
  2 ogres
  2 howler monkeys
  4 hounds
  A sleepcap (D:6)
  2 iguanas
  Terence (D:3)
  Robin (D:3)
  8 adders
  A white imp (D:3)
  A worm (D:2)
  A dart slug (D:1)
  7 orcs
  12 ball pythons
  10 endoplasms
  3 giant cockroaches
  16 goblins
  9 hobgoblins
  7 kobolds
  5 quokkas
  5 bats
  4 frilled lizards
  5 rats
110 creatures vanquished.

Notes
Turn   | Place    | Note
-------+----------+-------------------------------------------
     0 | D:1      | Kenran the Spriggan Hunter began the quest for the Orb.
     0 | D:1      | Reached XP level 1. HP: 10/10 MP: 2/2
   261 | D:1      | Reached XP level 2. HP: 14/14 MP: 3/3
   772 | D:1      | Reached XP level 3. HP: 18/18 MP: 4/4
  2146 | D:3      | Noticed Terence
  2206 | D:3      | Killed Terence
  2207 | D:3      | Reached skill level 5 in Ranged Weapons
  2207 | D:3      | Reached XP level 4. HP: 22/22 MP: 5/5
  2302 | D:3      | Found a hide-covered altar of Uskayaw.
  2400 | D:3      | Identified the ring "Moptepa" {rPois rCorr Str+3 SInv}
  2404 | D:3      | Noticed an ogre
  2427 | D:3      | Killed an ogre
  2428 | D:3      | Reached skill level 5 in Stealth
  2428 | D:3      | Reached XP level 5. HP: 25/25 MP: 6/6
  2649 | D:3      | Reached skill level 6 in Ranged Weapons
  2731 | D:3      | Noticed Robin
  2778 | D:3      | Killed Robin
  2794 | D:3      | Found a white marble altar of Elyvilon.
  2846 | D:3      | Noticed Sigmund
  2876 | D:3      | Killed Sigmund
  2877 | D:3      | Reached skill level 7 in Ranged Weapons
  2877 | D:3      | Reached XP level 6. HP: 23/30 MP: 7/7
  3750 | D:5      | Entered Level 5 of the Dungeon
  3786 | D:5      | Found a runed translucent door.
  3786 | D:5      | Noticed a human
  3791 | D:5      | Found a basalt altar of Yredelemnul.
  3792 | D:5      | Noticed a water moccasin
  3815 | D:4      | Reached XP level 7. HP: 33/33 MP: 8/8
  3993 | D:5      | Reached skill level 8 in Ranged Weapons
  4063 | D:5      | Found a burning altar of Makhleb.
  4348 | D:5      | Found a radiant altar of Vehumet.
  4349 | D:5      | Found an iron altar of Okawaru.
  4351 | D:5      | Found a broken altar of Ashenzari.
  4361 | D:5      | Became a worshipper of Warmaster Okawaru
  4410 | D:5      | Reached skill level 9 in Ranged Weapons
  4611 | D:6      | Noticed Prince Ribbit
  4626 | D:6      | Reached XP level 8. HP: 26/37 MP: 9/9
  4668 | D:6      | Mangled by Prince Ribbit

Illustrated notes

Levels and vault maps discovered:
D:1:      dpeg_arrival_tiny_k, layout_basic
D:2:      layout_basic, moated_statue
D:3:      layout_loops_corners, mainiacjoe_overflow_24_doors,
          old_standard_altar, minmay_between, uniq_terence, uniq_robin,
          uniq_sigmund
D:4:      layout_basic, minmay_cupped
D:5:      layout_rooms, dk_yredelemnul_ordeal, minitemple, lemuel_crystal_altar
D:6:      layout_basic, general_overflow_altar, hangedman_decor_diamond_cutter,
          uniq_edmund, uniq_prince_ribbit1

Skill      XL: |  1  2  3  4  5  6  7 |
---------------+----------------------+-----
Stealth        | 2 3 4 5 |  5.0
Ranged Weapons | 5 7 9 |  9.7
Fighting       | |  1.5
Dodging        | |  2.6

Action                     |  1- 3 |  4- 6 |  7- 9 || total
---------------------------+-------+-------+-------++-------
   Fire: Shortbow          |   128 |   128 |    94 ||   350
    Use: Scroll            |     4 |     4 |     1 ||     9
         Potion            |       |       |     1 ||     1
 Armour: Robe              |       |     2 |     5 ||     7
  Dodge: Dodged            |    21 |    39 |    39 ||    99

Table legend: (Time is in decaauts)
 A = Elapsed time spent in this place.
 B = Non-inter-level travel time spent in this place.
 C = Inter-level travel time spent in this place.
 D = Time resting spent in this place.
 E = Time spent auto-exploring this place.
 F = Levels seen in this place.
 G = Mean time per level.
                   A        B        C        D        E       F      G
               +--------+--------+--------+--------+--------+-----+--------+
         Total |   3238 |   3141 |     97 |    479 |   1896 |   6 |  539.7 |
       Dungeon |   3238 |   3141 |     97 |    479 |   1896 |   6 |  539.7 |
               +--------+--------+--------+--------+--------+-----+--------+

Top non-repeatable levels by time:
     D:3: 953 daAuts
     D:1: 630 daAuts
     D:2: 559 daAuts
     D:5: 517 daAuts
     D:4: 515 daAuts
     D:6: 61 daAuts
